 Dungeon Sprint DCSS version 0.32-a0-918-g0f22ef8d61 (webtiles) character file.

Game seed: 13407440456496113389

167 Griffin23 the Slasher (level 5, -3/78 HPs)
             Began as a Minotaur Fighter on Apr 11, 2024.
             Incinerated by a deep elf pyromancer (8 damage)
             ... with a pyre arrow
             ... in the Dungeon (Sprint III: "The Ten Rune Challenge").
             The game lasted 00:01:40 (182 turns).

Griffin23 the Slasher (Minotaur Fighter)             Turns: 182, Time: 00:01:41

Health: -3/78      AC:  7    Str: 22    XL:     5   Next: 23%
Magic:  4/4        EV:  8    Int:  5    God:
Gold:   20         SH:  5    Dex: 10    Spells: 4/4 levels left

rFire   . . .        a - +0 long sword
rCold   . . .        c - +0 buckler
rNeg    . . .        b - +0 scale mail
rPois   .            (helmet restricted)
rElec   .            (no cloak)
rCorr   .            (no gloves)
SInv    .            (no boots)
Will    .....        (no amulet) Stlth
                     (no ring)
HPRegen 0.33/turn    (no ring)
MPRegen 0.09/turn

%: no teleportation
@: mighty, berserking, on fire, glowing, very quick
A: horns 2, retaliatory headbutt
a: no special abilities


You were in the Dungeon.
You visited 1 branch You collected 20 gold pieces.

Inventory:

Hand Weapons
 a - a +0 long sword (weapon)
Armour
 b - a +0 scale mail (worn)
 c - a +0 buckler (worn)
Scrolls
 j - a scroll of blinking
Potions
 e - a potion of curing
 g - a potion of haste
 h - 2 potions of magic


   Skills:
 + Level 7.0 Fighting
 * Level 7.5 Long Blades
 + Level 7.2 Armour
 + Level 7.1 Shields


You had 4 spell levels left.
You didn't know any spells.
Your spell library was empty.

Dungeon Overview and Level Annotations

Branches:
Dungeon (1/1)

Altars:
Elyvilon
Kikubaaqudgha
Sif Muna
Vehumet
Zin
The Shining One


Innate Abilities, Weirdness & Mutations

You have a pair of horns on your head.
You reflexively headbutt those who attack you in melee.


Message History

Found a potion of heal wounds.
The deep elf pyromancer shouts!
There is an open door here.
The deep elf pyromancer gestures at you while chanting.
The bolt of fire hits you!!!
Ouch! That really hurt!
* * * LOW HITPOINT WARNING * * *
You are too injured to fight recklessly!
You close the door.
A deep elf pyromancer breaks down the door.
You aren't carrying any items that you can evoke.
You feel much better.
The deep elf pyromancer gestures at you while chanting.
The bolt of fire hits you!!
* * * LOW HITPOINT WARNING * * *
A red film seems to cover your vision as you go berserk!
You feel yourself moving faster!
You feel mighty!
The deep elf pyromancer points at you and mumbles some strange words.
The bolt of fire hits you!
* * * LOW HITPOINT WARNING * * *
You feel a strong urge to attack something.
There is a broken door here.
You closely miss the deep elf pyromancer.
You block the deep elf pyromancer's attack.
You slash the deep elf pyromancer! You headbutt the deep elf pyromancer!
The deep elf pyromancer is heavily wounded.
The deep elf pyromancer gestures wildly while chanting.
The deep elf pyromancer blinks!
You slash the deep elf pyromancer!
The deep elf pyromancer is almost dead.
You closely miss the deep elf pyromancer.
Your headbutt misses the deep elf pyromancer.
The deep elf pyromancer is almost dead.
The deep elf pyromancer gestures at you while chanting.
The pyre arrow hits you.
You are covered in intense liquid fire!
You slash the deep elf pyromancer!
You kill the deep elf pyromancer!
The liquid fire burns you!
You die...

▓▓▓ ♣.##### ♣♣.#___# ##
...♣ ..#!..# .#....~.♣
♣♣.###@#+###+# .#...~~.♣
♣..#..).......
.#..~~~~♣♣♣♣.'.⌠........
'#..~≈≈~~~♣♣.#...######+
.#.~~≈~~~....#.⌠.#
.#.~≈~~~.....#...#
.#.~~~.......#)###
##...........#)::#
......†......#___#


There were no monsters in sight!

Vanquished Creatures
  A deep elf pyromancer (D)
  A water elemental (D)
  A burial acolyte (D)
  Jessica (D)
  A kobold demonologist (D)
  A human (D)
  2 endoplasms (D)
  A rat (D)
9 creatures vanquished.

Notes
Turn   | Place    | Note
-------+----------+-------------------------------------------
     0 | D        | Griffin23 the Minotaur Fighter began the quest for the Orb.
     0 | D        | Reached XP level 1. HP: 19/19 MP: 0/0
    12 | D        | Noticed Jessica
    18 | D        | Killed Jessica
    19 | D        | Reached skill level 5 in Fighting
    19 | D        | Reached skill level 5 in Armour
    19 | D        | Reached skill level 5 in Shields
    19 | D        | Reached XP level 2. HP: 23/29 MP: 1/1
    19 | D        | Reached XP level 3. HP: 28/36 MP: 2/2
   149 | D        | Noticed a water elemental
   153 | D        | Killed a water elemental
   154 | D        | Reached XP level 4. HP: 44/44 MP: 3/3
   159 | D        | Found a radiant altar of Vehumet.
   159 | D        | Found a shimmering blue altar of Sif Muna.
   159 | D        | Found an ancient bone altar of Kikubaaqudgha.
   161 | D        | Reached XP level 5. HP: 51/51 MP: 4/4
   171 | D        | Found a glowing silver altar of Zin.
   171 | D        | Found a glowing golden altar of the Shining One.
   171 | D        | Found a white marble altar of Elyvilon.
   172 | D        | Noticed a deep elf pyromancer
   182 | D        | Killed a deep elf pyromancer
   182 | D        | Incinerated by a deep elf pyromancer

Illustrated notes

Levels and vault maps discovered:
D:        dungeon_sprint_mu [sprint_mu_entry_forest, sprint_mu_temple_rooms,
          sprint_mu_d1_horrors, sprint_mu_d2_genie, sprint_mu_d3_branching,
          sprint_mu_orc_legion, sprint_mu_elf_gauntlet, sprint_mu_hive_nellie,
          sprint_mu_lair_fedhas, sprint_mu_vaults_butterflies,
          sprint_mu_slime_circle, sprint_mu_swamp_cave, sprint_mu_snake_twists,
          sprint_mu_blade_basic, sprint_mu_crypt_chambers,
          sprint_mu_tomb_spiral, sprint_mu_vestibule_basic,
          sprint_mu_gehenna_hellfire, sprint_mu_dis_giant,
          sprint_mu_tartarus_statrot, sprint_mu_cocytus_islands, sprint_mu_zot1]

Skill      XL: |  1  2  3  4  5 |
---------------+----------------+-----
Fighting       | 5 6 7 |  7.0
Armour         | 5 6 7 |  7.2
Shields        | 5 6 7 |  7.1
Long Blades    | 3 6 7 |  7.5

Action                     |  1- 3 |  4- 6 || total
---------------------------+-------+-------++-------
  Melee: Long sword        |    27 |    10 ||    37
         Headbutt          |     2 |     2 ||     4
    Use: Potion            |     1 |     2 ||     3
 Armour: Scale mail        |    21 |     7 ||    28
  Dodge: Dodged            |    11 |     2 ||    13
  Block: Buckler           |     4 |     1 ||     5

Table legend: (Time is in decaauts)
 A = Elapsed time spent in this place.
 B = Non-inter-level travel time spent in this place.
 C = Inter-level travel time spent in this place.
 D = Time resting spent in this place.
 E = Time spent auto-exploring this place.
 F = Levels seen in this place.
 G = Mean time per level.
                   A        B        C        D        E       F      G
               +--------+--------+--------+--------+--------+-----+--------+
         Total |    187 |    187 |      0 |      0 |    105 |   1 |  187.0 |
       Dungeon |    187 |    187 |      0 |      0 |    105 |   1 |  187.0 |
               +--------+--------+--------+--------+--------+-----+--------+

Top non-repeatable levels by time:
       D: 187 daAuts
